 Dungeon Crawl Stone Soup version 0.29.1-2-gbd0b4ee654 (webtiles) character file.

Game seed: 13022965895980156038

77 Gabide the Insei (level 4, -1/34 HPs)
             Began as a Djinni Transmuter on Nov 10, 2022.
             Slain by Crazy Yiuf
             ... wielding a +3 quarterstaff of chaos
              (8 damage)
             ... on level 2 of the Dungeon.
             The game lasted 00:03:44 (3381 turns).

Gabide the Insei (Djinni Transmuter)                Turns: 3381, Time: 00:03:45

Health: -1/34      AC:  2    Str:  9    XL:     4   Next: 60%
Gold:   165        EV: 12    Int: 17    God:
                   SH:  0    Dex: 13

rFire   + + .      SeeInvis .     - Unarmed
rCold   x . .      Faith    .   (no shield)
rNeg    . . .      Spirit   .   a - +0 robe
rPois   ∞          Reflect  .   (helmet currently unavailable)
rElec   .          Harm     .   (no cloak)
rCorr   .          Rampage  .   (no gloves)
Will    .....                   (boots unavailable)
Stlth   +.........              (no amulet)
HPRegen 0.11/turn               (no ring)
MPRegen 0.00/turn               (no ring)

@: mighty, appendages (expiring), flying
A: horns 2, flying, sickness immunity, fire resistance 2, cold vulnerability 1,
float, innate caster, HP casting, extra vitality 1
a: End Transformation


You were on level 2 of the Dungeon.
You had temporarily grown beastly horns.
You visited 1 branch of the dungeon, and saw 2 of its levels.

You collected 165 gold pieces.

Inventory:

Hand Weapons
 h - the +8 great mace of Ravage {vorpal, rPois}
   (You found it on level 2 of the Dungeon)

   It inflicts extra damage upon your enemies.
   rPois:     It protects you from poison.
Armour
 a - a +0 robe (worn)
Scrolls
 c - 3 scrolls of teleportation {unknown}
 g - a scroll of identify
 j - a scroll of vulnerability {unknown}
 k - a scroll of fear {unknown}
Potions
 b - a potion of lignification
 d - 2 potions of invisibility
 e - a potion of berserk rage
 f - a potion of curing
 i - a potion of flight {unknown}


   Skills:
 + Level 2.5 Fighting
 - Level 3.0 Dodging
 - Level 3.0 Unarmed Combat
 + Level 2.4 Spellcasting


You couldn't memorise any spells.
You knew the following spells:

 Your Spells              Type           Power      Damage    Failure   Level
a - Beastly Appendage     Tmut           20%        N/A       7%          1
b - Wereblood             Tmut           10%        N/A       11%         2
c - Spider Form           Tmut/Pois      10%        N/A       21%         3
d - Ice Form              Ice/Tmut       10%        N/A       56%         4
e - Sandblast             Erth           20%        2d7       7%          1
Your spell library was empty.

Dungeon Overview and Level Annotations

Branches:
Dungeon (2/15)

Altars:

Annotations:
D:2 Crazy Yiuf


Innate Abilities, Weirdness & Mutations

You have temporarily grown beastly horns.
You are flying.
You are immune to sickness and miasma.
You are immune to poison.
Your flesh is very heat resistant. (rF++)
You are vulnerable to cold. (rC-)
You float through the air rather than walking.
You learn spells naturally, not from books.
Your magical power is your life essence.
You have superior vitality. (+4 MHP)


Message History

There is an open door here.
A quokka is nearby!
A quokka is nearby!
A quokka is nearby!
You grow a pair of large bovine horns.
The quokka barely misses you.
You hit the quokka. Your punch misses the quokka.
The quokka is heavily wounded.
The quokka bites you.
You hit the quokka.
You kill the quokka!
No target in view!
No target in view!
No target in view!
No target in view!
No target in view!
No target in view!
No target in view!
No target in view!
Your transformation is almost over.
Your horns disappear.
j - a scroll labelled RINYUVOIGEM
k - a scroll labelled URUCOM TONTUA
There is an open door here.
There is a stone staircase leading down here.
Found a runed translucent door.
Crazy Yiuf shouts!
Crazy Yiuf grits, "Key childish alas!"
Could not explore, unopened runed door.
You grow a pair of large bovine horns.
You reach down and open the door.
You hit Crazy Yiuf but do no damage. Your headbutt misses Crazy Yiuf.
Crazy Yiuf says, "Snoogle wrapper spinner!"
Crazy Yiuf hits you with a +3 quarterstaff of chaos!
You feel very mighty all of a sudden.
You punch Crazy Yiuf!
Crazy Yiuf is moderately wounded.
Crazy Yiuf hits you with a +3 quarterstaff of chaos!
* * * LOW HITPOINT WARNING * * *
You are electrocuted!
You die...

### #....# #....# #....# ###
## ###### #.. .###### #..
..÷...#### ♣♣♣♣♣########..
###......# ###
♣♣♣.♣...#.....'.. ###.######
#...#♣..♣......#####..
....##...#
#...g@♣♣♣♣......####..
######.### #)..#♣♣
♣♣..#.....##. ...###...# ###
♣♣##........ ##...#...#
#.....)## #.#.#...#
#........ #.#.#...## ### ###
#).....##
#.#......###.#######.#
###.##.#
#.###......#.#.....#.#
##....## #.#
#...##.#.#.###.#.####..##...


You could see Crazy Yiuf.

Vanquished Creatures
  An adder (D:1)
  A worm (D:2)
  4 dart slugs
  7 bats
  3 endoplasms
  2 giant cockroaches (D:1)
  7 goblins
  2 hobgoblins
  3 jackals (D:1)
  5 quokkas
  6 ball pythons (D:1)
  3 frilled lizards (D:1)
  3 kobolds (D:1)
  6 rats
53 creatures vanquished.

Vanquished Creatures (others)
  A fungus (D:1)
  3 plants (D:1)
4 creatures vanquished.

Grand Total: 57 creatures vanquished

Notes
Turn   | Place    | Note
-------+----------+-------------------------------------------
     0 | D:1      | Gabide the Djinni Transmuter began the quest for the Orb.
     0 | D:1      | Gabide set off with the following spells memorised: Beastly
                  | Appendage, Wereblood, Spider Form, Ice Form.
     0 | D:1      | Reached XP level 1. HP: 17/17 MP: 0/0
   245 | D:1      | Reached XP level 2. HP: 11/22 MP: 0/0
  1111 | D:1      | Reached XP level 3. HP: 24/28 MP: 0/0
  1111 | D:1      | Learned a level 1 spell: Sandblast
  1497 | D:1      | Found a faded altar of an unknown god.
  2164 | D:1      | Reached XP level 4. HP: 22/33 MP: 0/0
  2613 | D:2      | Identified the +8 great mace of Ravage {vorpal, rPois}
  3374 | D:2      | Found a runed translucent door.
  3375 | D:2      | Noticed Crazy Yiuf
  3381 | D:2      | Slain by Crazy Yiuf

Illustrated notes

Levels and vault maps discovered:
D:1:      dpeg_arrival_three_same_balls, layout_loops_corners,
          shapermc_ecumenical_altar_mp_urbaneastern
D:2:      layout_basic, uniq_crazy_yiuf_cottage

Skill      XL: |  1  2  3 |
---------------+----------+-----
Spellcasting   | 2 |  2.4
Fighting       | 2 |  2.5
Dodging        | 3 |  3.0
Unarmed Combat | |  3.0

Action                   |  1- 3 |  4- 6 || total
-------------------------+-------+-------++-------
Melee: Unarmed           |   127 |    67 ||   194
       Headbutt          |    12 |     7 ||    19
       Punch             |     2 |     1 ||     3
 Cast: Beastly Appendage |    22 |    13 ||    35
  Use: Scroll            |     3 |     1 ||     4
 Stab: Sleeping          |     1 |       ||     1
Armor: Robe              |    48 |    19 ||    67
Dodge: Dodged            |    88 |    70 ||   158
